 Dungeon Crawl Stone Soup version 0.23.2-40-g277498a001 (webtiles) character file.

Game seed: 2253566389699721855

22 Descartes the Grasshopper (level 2, -1/13 HPs)
             Began as a Felid Warper on Sept 7, 2019.
             Slain by a rat (3 damage)
             ... on level 1 of the Dungeon.
             The game lasted 00:01:37 (461 turns).

Descartes the Grasshopper (Felid Warper)             Turns: 461, Time: 00:01:38

Health: -1/13      AC:  1    Str:  7    XL:     2   Next: 68%
Magic:  6/6        EV: 18    Int: 14    God:
Gold:   33         SH:  0    Dex: 15    Spells: 5/5 levels left
                                        Lives:  0   Deaths: 0

rFire    . . .     SeeInvis +     - Unarmed
rCold    . . .     Gourm    .   (shield unavailable)
rNeg     . . .     Faith    .   (armour unavailable)
rPois    .         Spirit   .   (helmet unavailable)
rElec    .         Reflect  .   (cloak unavailable)
rCorr    .         Harm     .   (gloves unavailable)
MR       .....                  (boots unavailable)
Stlth    ++........             (no amulet)
HPRegen  0.04/turn              (no ring)
MPRegen  0.10/turn              (no ring)

@: quick
A: very small, no armour, no weapons or thrown items, stealth, claws 1, fangs 3,
see invisible, carnivore, speed 1, shaggy fur 1, slow metabolism 1, sharp paws
a: no special abilities


You were on level 1 of the Dungeon.
You were completely stuffed.

You visited 1 branch of the dungeon, and saw 1 of its levels.

You collected 33 gold pieces.

Inventory:

Missiles
 a - 43 stones
 d - 12 arrows
Scrolls
 b - a scroll of blinking
 e - a scroll of teleportation {unknown}
Potions
 g - a potion of ambrosia {unknown}
Comestibles
 c - a ration
 f - 3 chunks of flesh


   Skills:
 + Level 2.1 Fighting
 + Level 3.3 Dodging
 * Level 1.9 Stealth
 + Level 2.1 Unarmed Combat
 * Level 2.4 Spellcasting
   Level 4.4 Translocations


You had 5 spell levels left.
You didn't know any spells.
Your spell library contained the following spells:

 Spells                   Type           Power        Failure   Level  Hunger
 Blink                    Tloc           N/A          5%          2    ###....
 Gell's Gravitas          Tloc           ##........   11%         3    ###....
 Lesser Beckoning         Tloc           ##........   11%         3    ###....
 Teleport Other           Tloc           ##......     11%         3    ###....
 Shroud of Golubria       Chrm/Tloc      #.........   14%         2    ###....
 Passage of Golubria      Tloc           N/A          36%         4    #####..


Dungeon Overview and Level Annotations

Branches:
Dungeon (1/15)

Altars:


Innate Abilities, Weirdness & Mutations

You cannot wear armour.
You are incapable of wielding weapons or throwing items.
Your paws allow you to move quietly. (Stealth)
You have sharp claws.
You have razor-sharp teeth.
You have supernaturally acute eyesight. (SInv)
You are carnivorous and can eat meat at any time.
You cover ground quickly.
You are covered in fur. (AC +1)
You have a slow metabolism.
Your sharp claws are effective at attacking unaware monsters.


Message History

The rat is severely wounded.
The rat bites you.
You scratch the rat.
You kill the rat!
The dart slug bites you.
* * * LOW HITPOINT WARNING * * *
You scratch the dart slug but do no damage.
The dart slug launches a dart at you. The slug dart misses you.
You scratch the dart slug.
The dart slug is moderately wounded.
You scratch the dart slug but do no damage.
The dart slug is moderately wounded.
The dart slug barely misses you. The rat closely misses you.
You scratch the dart slug.
The dart slug is moderately wounded.
The dart slug completely misses you.
The rat twitches its whiskers.
The rat bites you.
You die...

#.......................####..#
#.......................
#.......)......?........
##......................
##.....##.....#........
###########..####.#### ##.%###
.... #####..)..#....#
.......@........
..?)..wr.......#
.........(......
.........##....# ###...####
....# #.#. #... #.#. ... # ..
.#


You could see a dart slug and a rat.

Vanquished Creatures
  2 dart slugs (D:1)
  3 bats (D:1)
  A giant cockroach (D:1)
  5 goblins (D:1)
  2 kobolds (D:1)
  2 frilled lizards (D:1)
  2 rats (D:1)
17 creatures vanquished.

Notes
Turn   | Place    | Note
-------+----------+-------------------------------------------
     0 | D:1      | Descartes the Felid Warper began the quest for the Orb.
     0 | D:1      | Reached XP level 1. HP: 9/9 MP: 4/4
   221 | D:1      | Reached skill level 1 in Stealth
   258 | D:1      | Reached XP level 2. HP: 13/13 MP: 6/6
   461 | D:1      | Slain by a rat

Skill      XL: |  1 |
---------------+----+-----
Stealth        | 1 |  1.9
Fighting       | |  2.1
Dodging        | |  3.3
Unarmed Combat | |  2.1
Spellcasting   | |  2.4
Translocations | |  4.4

Action                   || total
-------------------------++-------
Melee: Unarmed           ||    41
       Bite              ||     1
 Stab: Sleeping          ||     4
  Eat: Chunk             ||     6
Armor: Skin              ||     4
Dodge: Dodged            ||    39
